Map: Cactus Valley LE (Void)

Players

MightyPutty

  • Race: Protoss Protoss
  • League: Grandmaster
  • Spawn Location: 1:00

Railgan - Winner!

  • Race: Zerg Zerg
  • League: Grandmaster
  • Spawn Location: 7:00

VOD

Have the link to the VOD?

Description

Time

  • Played on: March 17, 2017, 4:36 p.m.
  • Length: 13:26
Show
View Real Time Build Order
Export as new Build Order

MightyPutty Protoss 

Build Orders: Nexus First 

Get SALT Encoding   

  12  0:00  Probe (Chrono Boost)  
  13  0:11  Probe (Chrono Boost)  
  14  0:20  Pylon  
  14  0:22  Probe (Chrono Boost)  
  15  0:38  Probe (Chrono Boost)  
  16  0:49  Probe (Chrono Boost)  
  17  1:01  Nexus  
  17  1:11  Gateway  
  17  1:14  Probe (Chrono Boost)  
  18  1:22  Assimilator  
  18  1:24  Probe (Chrono Boost)  
  19  1:28  Assimilator  
  19  1:35  Probe (Chrono Boost)  
  20  1:46  Probe (Chrono Boost)  
  21  1:56  Probe (Chrono Boost)  
  21  1:59  Cybernetics Core  
  22  2:03  Pylon  
  22  2:07  Probe (Chrono Boost)  
  23  2:13  Probe (Chrono Boost)  
  24  2:17  Probe (Chrono Boost)  
  25  2:24  Probe (Chrono Boost)  
  25  2:28  Probe (Chrono Boost)  
  27  2:32  Adept  
  27  2:35  Warp Gate, Probe (Chrono Boost)  
  30  2:38  Probe (Chrono Boost)  
  30  2:39  Twilight Council  
  31  2:47  Probe (Chrono Boost)  
  31  2:49  Probe (Chrono Boost)  
  33  2:55  Adept  
  34  2:59  Probe (Chrono Boost)  
  34  3:00  Probe (Chrono Boost)  
  37  3:09  Robotics Facility  
  37  3:11  Resonating Glaives  
  37  3:12  Probe x2 (Chrono Boost)  
  39  3:19  Adept  
  39  3:22  Probe (Chrono Boost)  
  39  3:24  Probe (Chrono Boost)  
  43  3:36  Probe (Chrono Boost)  
  43  3:37  Gateway  
  43  3:38  Gateway x2  
  44  3:42  Pylon, Adept  
  46  3:54  Pylon  
  46  3:55  Warp Prism  
  51  4:03  Probe (Chrono Boost)  
  51  4:04  Mothership Core (Chrono Boost), Assimilator  
  51  4:05  Assimilator  
  51  4:15  Pylon, Probe (Chrono Boost)  
  52  4:23  Probe (Chrono Boost)  
  53  4:27  Probe (Chrono Boost)  
  53  4:30  Observer  
  54  4:36  Probe (Chrono Boost)  
  57  4:39  Adept x2, Probe (Chrono Boost)  
  57  4:40  Adept x2  
  63  4:48  Probe (Chrono Boost)  
  63  4:51  Probe (Chrono Boost)  
  65  5:00  Probe (Chrono Boost)  
  65  5:03  Probe (Chrono Boost)  
  65  5:12  Probe (Chrono Boost)  
  65  5:13  Adept x2  
  70  5:17  Pylon  
  70  5:19  Pylon  
  70  5:35  Pylon  
  72  5:36  Pylon  
  72  5:37  Probe x2 (Chrono Boost)  
  72  5:44  Stalker  
  72  5:45  Stalker  
  72  5:49  Probe x2 (Chrono Boost)  
  78  5:51  Gateway  
  78  5:56  Gateway  
  76  6:02  Probe (Chrono Boost)  
  76  6:03  Adept x2  
  81  6:09  Probe (Chrono Boost)  
  82  6:14  Probe (Chrono Boost)  
  82  6:17  Charge  
  82  6:18  Adept x2  
  77  6:21  Probe (Chrono Boost)  
  69  6:26  Probe (Chrono Boost)  
  70  6:33  Probe (Chrono Boost)  
  70  6:35  Forge  
  70  6:37  Immortal  
  70  6:39  Probe (Chrono Boost)  
  71  6:44  Nexus  
  71  6:45  Probe (Chrono Boost)  
  72  6:47  Pylon  
  72  6:50  Pylon, Adept x2  
  72  6:51  Adept x2, Probe (Chrono Boost)  
  81  6:57  Probe (Chrono Boost)  
  81  6:58  Adept  
  81  6:59  Adept  
  86  7:07  Probe (Chrono Boost)  
  86  7:16  Adept x3, Probe (Chrono Boost)  
  86  7:17  Adept  
  86  7:18  Adept  
  86  7:20  Adept  
  99  7:23  Probe (Chrono Boost)  
  99  7:28  Probe (Chrono Boost)  
  97  7:38  Probe (Chrono Boost)  
  97  7:39  Immortal  
  97  7:43  Probe (Chrono Boost), Protoss Ground Weapons Level 1  
  100  7:56  Probe (Chrono Boost)  
  101  7:59  Templar Archives  
  101  8:02  Probe (Chrono Boost)  
  101  8:05  Assimilator  
  102  8:10  Photon Cannon  
  106  8:21  Pylon  
  106  8:23  Assimilator  
  106  8:29  Gateway  
  106  8:30  Pylon, Adept  
  106  8:31  Gateway x2, Adept x4  
  101  8:49  Probe (Chrono Boost)  
  101  8:52  Robotics Facility  
  97  8:56  Adept x5  
  97  8:58  Pylon  
  107  9:03  Pylon  
  107  9:06  Photon Cannon x2  
  107  9:08  Photon Cannon, Gateway  
  107  9:16  Gateway  
  107  9:32  Adept x8  
  107  9:34  Nexus  
  109  9:48  Robotics Facility  
  95  9:56  Protoss Ground Weapons Level 2  
  95  9:58  Pylon  
  91  10:05  High Templar x5  
  91  10:06  High Templar x3  
  107  10:11  Psionic Storm  
  107  10:13  Gateway, Archon x4  
  107  10:20  Assimilator  
  107  10:24  Assimilator  
  107  10:26  Pylon  
  107  10:35  Pylon  
  107  10:36  Pylon  
  107  10:38  Sentry x2  
  107  10:39  High Templar  
  107  10:40  Photon Cannon  
  107  10:41  Photon Cannon  
  113  10:43  Zealot x2, High Templar  
  113  10:44  Zealot x4  
  113  10:47  Warp Prism  
  127  10:50  Archon  
  125  11:05  Zealot x4  
  125  11:06  Zealot x4  
  116  11:23  Probe x2 (Chrono Boost)  
  116  11:25  High Templar x4  
  122  11:26  Pylon  
  122  11:29  Archon x2  
  122  11:31  Probe (Chrono Boost)  
  122  11:32  Probe (Chrono Boost)  
  128  11:35  Observer  
  129  11:45  Probe x2 (Chrono Boost)  
  131  11:47  Probe (Chrono Boost)  
  131  11:49  Probe (Chrono Boost)  
  133  12:00  Zealot x6  
  133  12:01  Zealot x3  
  133  12:21  Zealot x7  
  131  12:25  High Templar  
  131  12:26  High Templar x3  
  131  12:27  High Templar  
  121  13:04  Zealot  
  121  13:05  Zealot x9  
  119  13:15  Zealot, High Templar x4  
  119  13:16  Zealot x6  
Show
View Real Time Build Order
Export as new Build Order

Railgan Zerg - Winner!

Build Orders: Hatch First 

Get SALT Encoding   

  12  0:01  Drone  
  13  0:14  Overlord  
  13  0:18  Drone  
  14  0:32  Drone  
  14  0:33  Drone  
  16  0:36  Drone  
  17  0:56  Drone  
  18  0:57  Hatchery  
  18  0:59  Drone  
  18  1:11  Extractor  
  17  1:15  Spawning Pool  
  17  1:16  Drone  
  17  1:22  Drone  
  18  1:30  Drone  
  19  1:43  Overlord  
  19  1:54  Drone  
  20  2:08  Zergling x2, Queen  
  21  2:09  Queen  
  21  2:10  Drone  
  21  2:14  Drone  
  27  2:20  Drone  
  27  2:22  Metabolic Boost  
  28  2:27  Drone  
  29  2:33  Drone  
  30  2:41  Drone x2  
  30  2:44  Queen  
  32  2:48  Queen  
  36  2:52  Evolution Chamber  
  36  2:54  Overlord  
  36  2:55  Drone  
  35  3:08  Zergling x2  
  35  3:11  Overlord  
  37  3:12  Drone  
  37  3:16  Drone  
  37  3:17  Drone x3  
  41  3:20  Zerg Melee Weapons Level 1  
  41  3:21  Drone  
  41  3:25  Zergling x4  
  44  3:29  Drone  
  44  3:30  Drone  
  46  3:34  Zergling x2  
  46  3:36  Lair  
  47  3:42  Drone x2  
  49  3:48  Overlord  
  49  3:55  Drone  
  49  3:56  Drone  
  49  3:58  Drone  
  49  4:00  Extractor, Overlord  
  49  4:02  Extractor  
  50  4:04  Drone x2  
  50  4:06  Extractor  
  50  4:09  Drone  
  54  4:10  Drone x2  
  54  4:16  Drone  
  55  4:26  Zergling x4  
  55  4:30  Drone x3  
  60  4:34  Baneling Nest  
  60  4:38  Zergling x8  
  60  4:39  Hatchery  
  60  4:42  Zergling x2  
  62  4:51  Zergling x2  
  63  4:53  Drone, Queen  
  63  4:54  Queen  
  67  5:00  Infestation Pit  
  67  5:03  Overlord  
  64  5:08  Drone x3  
  64  5:14  Zergling x2  
  68  5:15  Overlord  
  68  5:16  Zerg Melee Weapons Level 2  
  68  5:18  Overlord  
  68  5:23  Centrifical Hooks  
  68  5:38  Zergling x6  
  68  5:39  Baneling x2  
  68  5:40  Baneling x2, Overseer  
  71  5:45  Zergling x2  
  71  5:49  Zergling x2  
  74  5:50  Zergling x6  
  75  6:03  Overlord  
  74  6:13  Drone  
  74  6:16  Drone  
  74  6:18  Zergling x6  
  74  6:19  Overlord, Zergling x8  
  74  6:23  Drone  
  74  6:24  Queen  
  82  6:26  Drone  
  82  6:29  Drone  
  82  6:30  Drone  
  82  6:31  Overlord  
  82  6:32  Drone  
  86  6:34  Extractor x2, Overlord  
  84  6:49  Drone x2  
  84  6:52  Overseer, Overlord  
  84  6:53  Drone  
  84  6:54  Drone x3  
  89  6:57  Overlord  
  87  7:09  Hatchery  
  83  7:15  Baneling  
  83  7:16  Baneling x5  
  83  7:19  Swarm Host x2  
  110  7:31  Drone  
  110  7:32  Drone  
  110  7:35  Zergling x8  
  110  7:36  Zergling x4  
  116  7:40  Zergling x2  
  116  7:41  Zergling x2  
  118  7:45  Baneling x7  
  117  7:55  Drone x2  
  118  8:04  Zerg Missile Weapons Level 1  
  118  8:05  Drone x3  
  120  8:07  Drone x4  
  120  8:08  Drone, Overlord  
  138  8:13  Overlord  
  138  8:14  Spine Crawler  
  138  8:15  Spine Crawler  
  138  8:16  Hive  
  138  8:18  Overlord  
  136  8:22  Drone  
  136  8:23  Overlord  
  136  8:26  Burrow  
  134  8:39  Zergling x16  
  134  8:40  Zergling x6  
  139  8:45  Zergling x2  
  139  8:46  Zergling x12  
  148  8:59  Baneling x9  
  148  9:00  Baneling  
  148  9:07  Zergling x8  
  148  9:08  Zergling x2  
  153  9:11  Zergling x2  
  153  9:13  Overlord  
  153  9:14  Baneling  
  153  9:15  Baneling x5  
  154  9:20  Pneumatized Carapace  
  154  9:22  Overseer  
  154  9:23  Zergling x2  
  155  9:30  Zergling x2  
  155  9:31  Zergling x4  
  140  9:47  Zergling x20  
  138  10:02  Zergling x6  
  138  10:03  Zergling x8  
  165  10:16  Baneling x3  
  165  10:17  Baneling x8, Zerg Melee Weapons Level 3  
  165  10:22  Extractor  
  165  10:23  Extractor  
  165  10:26  Spire, Drone x2  
  165  10:27  Drone  
  165  10:28  Drone x2  
  166  10:35  Adrenal Glands  
  167  10:37  Zergling x6  
  167  10:39  Baneling x9  
  167  10:40  Zergling x2  
  171  10:44  Hatchery, Zergling x2  
  171  10:45  Zergling x2  
  172  10:50  Zergling x4  
  172  10:52  Baneling x6  
  155  11:19  Zergling x20  
  155  11:20  Zergling x2  
  155  11:21  Zergling x8  
  155  11:24  Zergling x2  
  171  11:26  Baneling x3  
  171  11:27  Baneling x9  
  171  11:29  Drone  
  171  11:30  Overlord x3  
  172  11:36  Zergling x10  
  177  11:59  Corruptor  
  177  12:00  Corruptor  
  181  12:10  Zergling x2  
  181  12:11  Zergling x4  
  183  12:15  Zergling x2  
  183  12:16  Zergling x12  
  177  12:23  Corruptor, Zergling x2  
  177  12:24  Corruptor x2  
  177  12:25  Zergling x8  
  181  12:37  Zergling x6  
  181  12:38  Zergling x12  
  190  12:44  Corruptor  
  190  12:47  Zergling x4  
  190  12:48  Zergling x4  
  190  12:50  Zergling x2  
  197  12:53  Baneling x11  
  197  13:01  Zergling x6  
Tags
 
Add a new tag
Caveats
  • Supply blocks, unpowered buildings, or Contaminate may cause inaccurate times.
  • Supply counts are checked every 10 seconds.